Map: Acid Plant LE

Players

Bly

  • Race: Zerg Zerg
  • Spawn Location: 5:00

Zanster - Winner!

  • Race: Zerg Zerg
  • Spawn Location: 11:00

Event: WCS Valencia 2018

VOD

Have the link to the VOD?

Description

Time

  • Played on: July 12, 2018, 10:27 a.m.
  • Length: 10:01

All games in this series

Show
View Real Time Build Order
Export as new Build Order

Bly Zerg 

Build Orders: Hatch First, Muta Ling Bane 

Get SALT Encoding   

  12  0:01  Drone  
  13  0:13  Overlord  
  13  0:18  Drone  
  14  0:31  Drone x2  
  16  0:36  Drone  
  17  0:51  Hatchery  
  17  0:55  Drone  
  17  0:57  Drone  
  17  1:02  Extractor  
  17  1:13  Spawning Pool  
  17  1:15  Drone  
  17  1:18  Drone  
  18  1:28  Drone  
  19  1:39  Overlord  
  19  1:50  Drone  
  20  1:59  Queen  
  22  2:03  Queen  
  22  2:07  Drone x2  
  26  2:11  Drone  
  27  2:16  Metabolic Boost, Drone  
  28  2:23  Drone  
  29  2:30  Drone  
  29  2:33  Drone  
  31  2:38  Queen  
  31  2:39  Overlord  
  33  2:53  Zergling x4  
  33  2:57  Zergling x2  
  36  3:04  Roach Warren  
  35  3:07  Evolution Chamber  
  35  3:09  Zergling x10, Evolution Chamber  
  35  3:11  Zergling x2  
  35  3:12  Extractor  
  38  3:19  Zergling x6  
  41  3:20  Zergling x2  
  42  3:31  Overlord  
  42  3:32  Drone x2  
  44  3:37  Zerg Melee Weapons Level 1  
  44  3:50  Drone x2  
  44  3:51  Drone x4  
  44  3:54  Drone  
  51  4:05  Lair  
  49  4:14  Drone x2  
  50  4:17  Drone  
  50  4:18  Drone  
  50  4:20  Overlord  
  50  4:24  Extractor  
  50  4:30  Drone x2  
  50  4:31  Drone  
  52  4:37  Overlord  
  52  4:40  Extractor  
  50  4:51  Overlord  
  48  4:54  Drone x3  
  48  4:57  Overlord  
  48  4:58  Roach x6  
  63  5:04  Glial Reconstitution  
  63  5:06  Overseer  
  63  5:15  Drone x3  
  67  5:28  Drone  
  67  5:29  Spire  
  67  5:31  Drone x3  
  69  5:44  Hatchery  
  68  5:50  Overlord  
  68  5:57  Zerg Missile Weapons Level 1  
  68  5:58  Overlord  
  68  5:59  Roach x5  
  78  6:07  Roach x2  
  78  6:11  Overlord  
  82  6:22  Drone  
  82  6:23  Drone x6  
  85  6:40  Overlord  
  85  6:46  Drone x3  
  87  6:48  Mutalisk x4  
  95  6:55  Mutalisk x3  
  95  6:58  Extractor  
  98  7:02  Extractor  
  87  7:10  Mutalisk x2  
  87  7:11  Mutalisk  
  87  7:22  Zergling x2  
  88  7:23  Zergling x14  
  95  7:30  Baneling Nest  
  95  7:31  Roach x3  
  100  7:42  Mutalisk x2  
  97  7:44  Zergling x2  
  97  7:45  Zergling x8  
  94  7:54  Mutalisk x2  
  94  7:56  Zergling x2  
  94  7:57  Zergling x10  
  102  8:04  Drone x3  
  105  8:10  Drone x3  
  105  8:11  Drone  
  109  8:14  Drone  
  109  8:17  Centrifical Hooks  
  110  8:20  Hatchery  
  109  8:31  Mutalisk  
  109  8:32  Mutalisk x3  
  97  8:48  Zergling x18  
  97  8:49  Zergling x4  
  97  8:55  Overlord x3  
  105  9:06  Baneling  
  105  9:07  Baneling x19  
  99  9:11  Baneling x2  
  99  9:15  Zergling x2  
  99  9:16  Zergling x8  
  98  9:27  Mutalisk x3  
Show
View Real Time Build Order
Export as new Build Order

Zanster Zerg - Winner!

Build Orders: Hatch First 

Get SALT Encoding   

  12  0:00  Drone  
  13  0:13  Overlord  
  13  0:17  Drone  
  14  0:31  Drone  
  14  0:32  Drone  
  14  0:35  Drone  
  17  0:53  Hatchery  
  17  0:55  Drone  
  17  0:58  Drone  
  18  1:09  Extractor  
  17  1:13  Spawning Pool  
  17  1:15  Drone  
  17  1:19  Drone  
  18  1:29  Drone  
  19  1:40  Drone  
  20  1:50  Overlord  
  20  2:01  Queen  
  20  2:04  Queen  
  24  2:09  Drone x2  
  24  2:12  Drone  
  27  2:16  Drone  
  28  2:24  Zergling x2  
  28  2:27  Zergling x2  
  30  2:35  Hatchery  
  29  2:41  Queen  
  31  2:45  Drone  
  31  2:49  Overlord  
  32  2:52  Drone  
  32  2:53  Drone  
  32  2:55  Drone  
  35  3:02  Drone  
  36  3:10  Drone x5  
  36  3:12  Drone  
  42  3:16  Drone  
  42  3:17  Drone  
  44  3:22  Overlord  
  44  3:34  Roach Warren  
  43  3:35  Drone  
  43  3:36  Overlord  
  43  3:38  Evolution Chamber  
  43  3:39  Lair  
  43  3:40  Drone  
  44  3:42  Drone  
  44  3:43  Drone  
  44  3:52  Evolution Chamber  
  43  3:55  Spine Crawler  
  42  4:08  Roach Warren  
  39  4:12  Evolution Chamber  
  39  4:14  Roach  
  39  4:15  Roach x6  
  54  4:17  Roach  
  54  4:25  Overlord, Evolution Chamber  
  54  4:27  Drone  
  54  4:28  Drone x2  
  54  4:29  Drone  
  57  4:31  Drone  
  60  4:41  Drone  
  60  4:42  Drone x5  
  65  4:45  Extractor  
  65  4:46  Extractor  
  65  4:50  Drone  
  65  4:51  Glial Reconstitution, Drone x2  
  65  4:58  Extractor  
  64  5:03  Hatchery  
  64  5:06  Drone  
  64  5:08  Zerg Missile Weapons Level 1  
  64  5:12  Drone  
  64  5:13  Drone x2  
  67  5:17  Drone  
  67  5:18  Overlord  
  67  5:19  Overlord  
  67  5:21  Overseer  
  68  5:30  Hatchery  
  67  5:38  Overlord  
  67  5:42  Queen, Drone x3  
  70  5:45  Overlord  
  72  5:55  Drone  
  72  5:56  Drone x6  
  79  5:58  Drone  
  79  6:02  Zerg Ground Armor Level 1  
  79  6:03  Drone  
  81  6:05  Drone  
  81  6:10  Overlord  
  82  6:14  Drone  
  82  6:15  Drone  
  82  6:16  Overseer  
  84  6:22  Queen  
  84  6:25  Hydralisk Den, Drone  
  87  6:31  Roach  
  87  6:32  Roach x2  
  90  6:41  Roach x5  
  100  6:48  Roach x3  
  100  6:51  Overlord  
  106  7:00  Roach x4  
  110  7:02  Drone  
  110  7:03  Drone x3  
  106  7:15  Drone  
  106  7:16  Drone x6  
  106  7:17  Overlord  
  106  7:22  Muscular Augments, Lurker Den  
  113  7:23  Drone x2  
  113  7:24  Drone  
  113  7:25  Drone x5  
  113  7:26  Overlord  
  113  7:28  Overlord  
  120  7:34  Overlord  
  120  7:35  Overlord  
  118  7:43  Hydralisk  
  118  7:44  Hydralisk x4  
  114  7:48  Hydralisk  
  114  7:49  Hydralisk  
  118  7:53  Hydralisk x3  
  118  7:58  Queen  
  111  7:59  Spore Crawler  
  111  8:00  Spore Crawler  
  111  8:01  Hydralisk x2, Spore Crawler  
  111  8:02  Hydralisk  
  116  8:06  Hydralisk x2  
  116  8:09  Hydralisk x2  
  124  8:13  Hydralisk x2  
  124  8:16  Overlord  
  128  8:28  Roach x8  
  128  8:30  Overlord  
  128  8:31  Overlord  
  138  8:35  Overlord  
  138  8:40  Roach x5  
  142  8:42  Overlord  
  142  8:48  Roach x2  
  143  8:50  Overlord  
  143  8:51  Queen  
  143  8:55  Spore Crawler  
  144  8:56  Roach x5  
  144  9:01  Extractor  
  151  9:02  Queen  
  151  9:06  Roach x2  
  151  9:07  Roach x2  
  151  9:09  Drone x3  
  164  9:13  Drone x3  
  164  9:16  Overlord  
  167  9:17  Roach  
  169  9:31  Overlord x2  
  169  9:35  Hydralisk Den  
  153  10:00  Extractor  
  153  10:01  Extractor  
Tags
 
Add a new tag
Caveats
  • Supply blocks, unpowered buildings, or Contaminate may cause inaccurate times.
  • Supply counts are checked every 10 seconds.